 Dungeon Crawl Stone Soup version 0.20-a0-949-g916514f (webtiles) character file.

76 Azzok the Skirmisher (level 4, -1/39 HPs)
             Began as a Formicid Fighter on Apr 4, 2017.
             Slain by a gnoll
             ... wielding a +0 spear
              (4 damage)
             ... on level 2 of the Dungeon.
             The game lasted 00:02:14 (1218 turns).

Azzok the Skirmisher (Formicid Fighter)             Turns: 1218, Time: 00:02:14

Health: -1/39      AC:  8    Str: 21    XL:     4   Next: 57%
Magic:  4/4        EV:  9    Int:  8    God:
Gold:   172        SH:  9    Dex: 10    Spells: 3/3 levels left

rFire    . . .     SeeInvis +   a - +0 long sword
rCold    . . .     Gourm    .   c - +0 shield
rNeg     . . .     Faith    .   b - +0 scale mail
rPois    .         Spirit   .   (helmet unavailable)
rElec    .         Reflect  .   (no cloak)
rCorr    .         Harm     .   (no gloves)
MR       .....                  n - +0 pair of boots
Stlth    ..........             (no amulet)
Regen    0.2/turn               l - +2 ring of evasion
MPRegen  0.1/turn               (no ring)

@: lethally poisoned (-1 -> -2)
A: permanent stasis, dig shafts and tunnels, four strong arms, antennae 3
a: Dig, Shaft Self


You were on level 2 of the Dungeon.
You were not hungry.

You visited 1 branch of the dungeon, and saw 2 of its levels.

You collected 172 gold pieces.

Inventory:

Hand Weapons
 a - a +0 long sword (weapon)
Armour
 b - a +0 scale mail (worn)
 c - a +0 shield (worn)
 n - a +0 pair of boots (worn)
Jewellery
 l - a +2 ring of evasion (left hand)
Scrolls
 e - 4 scrolls of identify {unknown}
 j - a scroll of amnesia {unknown}
 p - a scroll of teleportation {unknown}
Potions
 d - a potion of might
 i - 3 potions of mutation {unknown}
 k - 2 potions of heal wounds {unknown}
 m - a potion of cancellation {unknown}
Comestibles
 f - 3 bread rations
 g - 3 royal jellies
 h - 10 chunks of flesh
 o - a meat ration


   Skills:
 + Level 5.5 Fighting
 - Level 2.0 Long Blades
 - Level 3.2 Armour
 - Level 3.6 Shields


You had 3 spell levels left.
You didn't know any spells.

Dungeon Overview and Level Annotations

Branches:
Dungeon (2/15)

Altars:


Innate Abilities, Weirdness & Mutations

You cannot be hasted, slowed, berserked, paralysed or teleported.
You can dig through walls and to a lower floor.
Your four strong arms can wield two-handed weapons with a shield.
You have a pair of large antennae on your head. (SInv)


Message History

a quokka corpse; an adder corpse You feel sick.
You hit the gnoll.
The gnoll is lightly wounded.
The gnoll hits you but does no damage. x2
You barely miss the gnoll. The gnoll hits you with a mace.
* * * LOW HITPOINT WARNING * * *
The gnoll hits you but does no damage.
You slash the gnoll!
The gnoll is severely wounded.
You feel sick. You block the gnoll's attack.
The gnoll hits you from afar with a spear.
* * * LOW HITPOINT WARNING * * *
You closely miss the gnoll.
The gnoll is severely wounded.
The gnoll hits you from afar with a spear.
* * * LOW HITPOINT WARNING * * *
The gnoll hits you but does no damage.
The gnoll hits you from afar with a spear.
You die...

▒·······▒▒▒····▒)▒▒▒
▒([············▒·▒··
▒···▒▒▒▒▒···▒▒▒▒▒▒·▒
▒··▒▒ ▒▒·▒▒ ▒·▒ ▒▒·▒
▒·▒ ▒·▒ ▒·▒ ▒·▒ ·
▒·▒ ▒·▒ ·▒ ··8 ▒·▒
▒·▒▒ ▒·▒'···▒▒··
▒·@▒▒▒▒▒···▒▒▒▒▒··▒
▒··gg·†))⌠········▒
▒▒·▒▒▒▒▒···▒▒▒▒▒·▒▒
▒▒▒ ▒·▒'···▒▒·▒ ▒·▒
··8 ▒·· ▒·▒ · ▒··
▒·▒ ▒·· ▒▒·▒▒ ▒··
▒▒···▒▒▒▒▒▒··


You could see 2 gnolls.

Vanquished Creatures
  An adder (D:2)
  2 gnolls (D:2)
  2 worms (D:2)
  2 dart slugs (D:1)
  3 leopard geckos (D:2)
  4 bats
  3 goblins
  5 hobgoblins
  A quokka (D:2)
  2 ball pythons (D:2)
  5 frilled lizards
  4 kobolds
  6 rats
40 creatures vanquished.

Notes
Turn   | Place    | Note
-------+----------+-------------------------------------------
     0 | D:1      | Azzok the Formicid Fighter began the quest for the Orb.
     0 | D:1      | Reached XP level 1. HP: 18/18 MP: 1/1
   100 | D:1      | Reached XP level 2. HP: 22/25 MP: 2/2
   216 | D:1      | Reached skill level 4 in Fighting
   689 | D:2      | Reached XP level 3. HP: 26/31 MP: 3/3
  1152 | D:2      | Reached skill level 5 in Fighting
  1198 | D:2      | Reached XP level 4. HP: 35/39 MP: 4/4
  1218 | D:2      | Slain by a gnoll

Vault maps used:
D:1:      minmay_arrival_shattered_statue
D:2:      minmay_door_path, grunt_temple_overflow_cloverleaf, grunt_ministairs_9

Skill      XL: |  1  2  3 |
---------------+----------+-----
Fighting       | 4 5 |  5.5
Long Blades    | |  2.0
Armour         | |  3.2
Shields        | |  3.6

Action                   |  1- 3 |  4- 6 || total
-------------------------+-------+-------++-------
Melee: Long sword        |   110 |    13 ||   123
  Eat: Chunk             |     1 |       ||     1
Armor: Scale mail        |    36 |     7 ||    43
Dodge: Dodged            |    52 |     9 ||    61
Block: Shield            |    50 |    11 ||    61
       Rpst.: Long sword |    17 |     1 ||    18
